AoeStats
← Shredded_Pork

Black Forest

506388899Analyzed
4v4 RM · 20d ago on Sep 13, 2026· 31m 28s· 8 players
Game mode
Random Map
Map size
Large (8 player)
Population
200
Speed
Normal
Resources
Standard
Victory
Conquest
Starting age
Dark Age
Ending age
Imperial Age
RankedLock teamsTeams togetherTeam positionsShared explorationLock speedFull tech treeHidden civsTurbo modeCheats
Victory
Defeat
🇷🇺 Wei · Russia
739
+16
🇫🇷 Bulgarians · France
732
+17
🇹🇷 Britons · Türkiye
731
+17
🇨🇳 Koreans · China
719
+17
🇨🇳 Turks · China
778
-18
🇨🇳 Persians · China
743
-17
🇮🇩 Byzantines · Indonesia
734
-16
🇯🇵 Poles · Japan
731
-16
kriber
0:37 Loom
20:48 Feudal Age
23:52 Double-Bit Axe
23:49 Horse Collar
28:43 Scale Mail Armor
28:54 Forging
28:37 Fletching
29:39 Scale Barding Armor
ANDREEVICH
Schutz
10:26 Feudal Age
8:42 Loom
15:56 Castle Age
14:32 Double-Bit Axe
14:32 Horse Collar
16:37 Gold Mining
16:49 Fletching
17:03 Padded Archer Armor
17:18 Bow Saw
18:17 Squires
20:01 Wheelbarrow
21:30 Ballistics
22:18 Hand Cart
25:09 Leather Archer Armor
25:11 Bodkin Arrow
28:18 Murder Holes
29:11 Gold Shaft Mining
28:36 Stone Mining
29:51 Scale Barding Armor
31:16 Masonry
休闲海
16:14 Feudal Age
16:32 Man-at-Arms
19:00 Scale Mail Armor
19:11 Forging
20:44 Double-Bit Axe
24:32 Castle Age
22:40 Horse Collar
25:50 Light Cavalry
30:27 Wheelbarrow
Shredded_Pork
Sigit4n
12:04 Feudal Age
10:21 Loom
13:35 Wheelbarrow
12:48 Double-Bit Axe
32:58 Castle Age
serendipity
sada613
Connection lost

Rejoining the realm…

Still unreachable

The connection could not be restored.

Session expired

The server has moved on; the page needs a fresh start.